[ AOE2 MATCH · #484667968 ]
UnrankedBengalis vs Koreans
Player's team · LOSS
[ REPLAY ANALYSIS · EXTRACTED FROM THE RECORDED GAME ]
Feudal
—
Castle
—
Imperial
—
| APM avg | 34.4 |
| APM peak | 54 |
| eAPM avg | 11.2 |
| Villagers / military | 0 / 0 |
Focus
⚔️ 100.0% · 🌾 0.0%
Feudal
—
Castle
—
Imperial
—
| APM avg | 28.2 |
| APM peak | 57 |
| eAPM avg | 8.7 |
| Villagers / military | 0 / 0 |
Focus
⚔️ 99.4% · 🌾 0.6%
Feudal
—
Castle
—
Imperial
—
| APM avg | 57.9 |
| APM peak | 99 |
| eAPM avg | 13.2 |
| Villagers / military | 0 / 153 |
Focus
⚔️ 96.8% · 🌾 3.2%
Camel Scout ×97 · Archer ×56
Feudal
—
Castle
—
Imperial
—
| APM avg | 39.6 |
| APM peak | 89 |
| eAPM avg | 10.2 |
| Villagers / military | 0 / 0 |
Focus
⚔️ 93.8% · 🌾 6.2%
Feudal
—
Castle
—
Imperial
—
| APM avg | 33.7 |
| APM peak | 89 |
| eAPM avg | 16.1 |
| Villagers / military | 0 / 177 |
Focus
⚔️ 90.6% · 🌾 9.4%
Camel Scout ×177
Feudal
—
Castle
—
Imperial
—
| APM avg | 24.4 |
| APM peak | 205 |
| eAPM avg | 20.5 |
| Villagers / military | 0 / 0 |
Focus
⚔️ 100.0% · 🌾 0.0%
Feudal
—
Castle
—
Imperial
—
| APM avg | 23.9 |
| APM peak | 52 |
| eAPM avg | 9.3 |
| Villagers / military | 0 / 150 |
Focus
⚔️ 95.4% · 🌾 4.6%
Archer ×150
Feudal
—
Castle
—
Imperial
—
| APM avg | 24.9 |
| APM peak | 74 |
| eAPM avg | 9.7 |
| Villagers / military | 0 / 0 |
Focus
⚔️ 100.0% · 🌾 0.0%
Match map
Initial resources + every placement click. Lines = walls · curves = elevation contours. ◆ gold · ⬟ stone · ● berries · ✦ relic · ◌ wall gap
Your base· Open
Aster's base· Open
LeCoD13's base· Open
DeathPanther's base· ✓ Map-separated
DrakunMexico954's base· Open
Eren_'s base· ✓ Map-separated
okHadi's base· Open
Monster Bear's base· Open
Smoothed initial terrain · ◌ = detected wall gap · hover for details
Inputs per minute
— Brunx - - Aster
Build order — Brunx
0 actions detected in the replay
Build order — Aster
37 actions detected in the replay
| 6:29 | Build | Archery Range |
| 6:32 | Build | Archery Range |
| 6:39 | Build | Barracks |
| 6:43 | Build | Barracks |
| 7:19 | Build | Archery Range |
| 8:50 | Build | Archery Range |
| 9:13 | Build | Barracks |
| 9:16 | Build | Barracks |
| 9:21 | Build | Barracks |
| 10:21 | Build | Archery Range |
| 10:25 | Build | Archery Range |
| 10:28 | Build | Archery Range |
| 10:32 | Build | Archery Range |
| 12:51 | Build | Barracks |
| 12:56 | Build | Barracks |
| 15:13 | Build | Archery Range |
| 15:17 | Build | Archery Range |
| 17:58 | Build | Archery Range |
| 18:01 | Build | Archery Range |
| 18:05 | Build | Archery Range |
| 18:09 | Build | Archery Range |
| 18:19 | Build | Archery Range |
| 18:26 | Research | Thumb Ring |
| 18:27 | Research | Crossbowman (upgrade) |
| 18:31 | Research | Gambesons |
| 18:31 | Research | Squires |
| 18:32 | Research | Arson |
| 18:34 | Research | Eupseong |
| 18:36 | Research | Bodkin Arrow |
| 18:37 | Research | Iron Casting |
| 18:39 | Research | Chain Mail Armor |
| 18:40 | Research | Chain Barding Armor |
| 18:42 | Research | Ballistics |
| 18:43 | Research | Treadmill Crane |
| 18:44 | Research | Tech 909 |
| 18:45 | Research | Tech 908 |
| 18:46 | Research | Careening |
Build order — LeCoD13
69 actions detected in the replay
| 9:22 | Build | Stable |
| 9:24 | Build | Archery Range |
| 9:52 | Build | Stable |
| 9:53 | Build | Stable |
| 9:55 | Build | Stable |
| 9:59 | Build | Archery Range |
| 10:01 | Build | Archery Range |
| 10:03 | Build | Archery Range |
| 10:05 | Build | Archery Range |
| 12:45 | Research | Bloodlines |
| 13:29 | Build | Stable |
| 13:30 | Build | Stable |
| 13:31 | Build | Stable |
| 13:32 | Build | Stable |
| 14:07 | Build | Archery Range |
| 14:09 | Build | Archery Range |
| 14:11 | Build | Archery Range |
| 14:13 | Build | Archery Range |
| 14:16 | Build | Archery Range |
| 17:16 | Build | Watch Tower |
| 18:26 | Research | Husbandry |
| 18:28 | Research | Chain Barding Armor |
| 18:29 | Research | Bodkin Arrow |
| 18:29 | Research | Leather Archer Armor |
| 18:31 | Research | Chain Mail Armor |
| 18:32 | Create | Camel Scout |
| 18:32 | Create | Camel Scout ×5 |
| 18:32 | Create | Camel Scout ×5 |
| 18:33 | Create | Camel Scout ×5 |
| 18:33 | Create | Camel Scout ×5 |
| 18:33 | Create | Camel Scout ×5 |
| 18:33 | Create | Camel Scout ×5 |
| 18:34 | Create | Camel Scout ×5 |
| 18:34 | Create | Camel Scout ×5 |
| 18:34 | Create | Camel Scout ×5 |
| 18:43 | Research | Crossbowman (upgrade) |
| 18:43 | Research | Thumb Ring |
| 18:44 | Research | Elite Skirmisher (upgrade) |
| 18:47 | Research | Ballistics |
| 18:48 | Research | Guard Tower (upgrade) |
| 18:49 | Research | Treadmill Crane |
| 18:50 | Research | Tech 908 |
| 18:50 | Research | Careening |
| 18:57 | Build | Stable |
| 19:07 | Create | Archer |
| 19:07 | Create | Archer ×5 |
| 19:08 | Create | Archer ×5 |
| 19:08 | Create | Archer ×5 |
| 19:08 | Create | Archer ×5 |
| 19:08 | Create | Archer ×5 |
| 19:08 | Create | Archer ×5 |
| 19:09 | Create | Archer ×5 |
| 19:09 | Create | Archer ×5 |
| 19:09 | Create | Archer ×5 |
| 19:09 | Create | Archer ×5 |
| 19:10 | Create | Archer ×5 |
| 19:28 | Create | Camel Scout |
| 19:28 | Create | Camel Scout ×5 |
| 19:28 | Create | Camel Scout ×5 |
| 19:28 | Create | Camel Scout ×5 |
| 19:29 | Create | Camel Scout ×5 |
| 19:29 | Create | Camel Scout ×5 |
| 19:29 | Create | Camel Scout ×5 |
| 19:29 | Create | Camel Scout ×5 |
| 19:29 | Create | Camel Scout ×5 |
| 19:30 | Create | Camel Scout ×5 |
| 19:30 | Create | Camel Scout ×5 |
| 19:34 | Build | Archery Range |
| 20:16 | Build | Stable |
Build order — DeathPanther
0 actions detected in the replay
Build order — DrakunMexico954
First 150 of 200 actions detected
| 9:31 | Build | Stone Wall |
| 10:25 | Build | Stable |
| 10:29 | Build | Stable |
| 10:30 | Build | Stable |
| 10:31 | Build | Stable |
| 11:42 | Research | Bloodlines |
| 12:18 | Build | Gate |
| 14:47 | Build | Stable |
| 15:59 | Research | Chain Barding Armor |
| 16:00 | Research | Iron Casting |
| 16:01 | Research | Bodkin Arrow |
| 16:01 | Research | Bodkin Arrow |
| 16:02 | Research | Leather Archer Armor |
| 16:02 | Research | Chain Mail Armor |
| 16:12 | Build | Stable |
| 16:14 | Build | Stable |
| 16:16 | Build | Stable |
| 16:19 | Build | Stable |
| 16:29 | Build | Stable |
| 16:31 | Build | Stable |
| 17:10 | Research | Husbandry |
| 17:32 | Create | Camel Scout |
| 17:32 | Create | Camel Scout |
| 17:33 | Create | Camel Scout |
| 17:33 | Create | Camel Scout |
| 17:33 | Create | Camel Scout |
| 17:33 | Create | Camel Scout |
| 17:33 | Create | Camel Scout |
| 17:34 | Create | Camel Scout |
| 17:34 | Create | Camel Scout |
| 17:34 | Create | Camel Scout |
| 17:34 | Create | Camel Scout |
| 17:35 | Create | Camel Scout |
| 17:35 | Create | Camel Scout |
| 17:35 | Create | Camel Scout |
| 17:35 | Create | Camel Scout |
| 17:36 | Create | Camel Scout |
| 17:36 | Create | Camel Scout |
| 17:37 | Create | Camel Scout |
| 17:37 | Create | Camel Scout |
| 17:37 | Create | Camel Scout |
| 17:38 | Create | Camel Scout |
| 17:38 | Create | Camel Scout |
| 17:38 | Create | Camel Scout |
| 17:38 | Create | Camel Scout |
| 17:39 | Create | Camel Scout |
| 17:39 | Create | Camel Scout |
| 17:39 | Create | Camel Scout |
| 17:39 | Create | Camel Scout |
| 17:40 | Create | Camel Scout |
| 17:40 | Create | Camel Scout |
| 17:40 | Create | Camel Scout |
| 17:40 | Create | Camel Scout |
| 17:41 | Create | Camel Scout |
| 17:45 | Create | Camel Scout |
| 17:45 | Create | Camel Scout |
| 17:45 | Create | Camel Scout |
| 17:46 | Create | Camel Scout |
| 17:46 | Create | Camel Scout |
| 17:46 | Create | Camel Scout |
| 17:46 | Create | Camel Scout |
| 17:47 | Create | Camel Scout |
| 17:47 | Create | Camel Scout |
| 17:47 | Create | Camel Scout |
| 17:48 | Create | Camel Scout |
| 17:48 | Create | Camel Scout |
| 17:48 | Create | Camel Scout |
| 17:48 | Create | Camel Scout |
| 17:52 | Create | Camel Scout |
| 17:52 | Create | Camel Scout |
| 17:53 | Create | Camel Scout |
| 17:53 | Create | Camel Scout |
| 17:53 | Create | Camel Scout |
| 17:54 | Create | Camel Scout |
| 17:54 | Create | Camel Scout |
| 17:54 | Create | Camel Scout |
| 17:55 | Create | Camel Scout |
| 17:55 | Create | Camel Scout |
| 17:55 | Create | Camel Scout |
| 17:55 | Create | Camel Scout |
| 17:56 | Create | Camel Scout |
| 17:56 | Create | Camel Scout |
| 17:56 | Create | Camel Scout |
| 17:57 | Create | Camel Scout |
| 17:58 | Create | Camel Scout |
| 17:58 | Create | Camel Scout |
| 17:58 | Create | Camel Scout |
| 17:59 | Create | Camel Scout |
| 17:59 | Create | Camel Scout |
| 17:59 | Create | Camel Scout |
| 18:00 | Create | Camel Scout |
| 18:00 | Create | Camel Scout |
| 18:00 | Create | Camel Scout |
| 18:01 | Create | Camel Scout |
| 18:01 | Create | Camel Scout |
| 18:01 | Create | Camel Scout |
| 18:02 | Create | Camel Scout |
| 18:02 | Create | Camel Scout |
| 18:02 | Create | Camel Scout |
| 18:03 | Create | Camel Scout |
| 18:03 | Create | Camel Scout |
| 18:04 | Create | Camel Scout |
| 18:04 | Create | Camel Scout |
| 18:04 | Create | Camel Scout |
| 18:05 | Create | Camel Scout |
| 18:05 | Create | Camel Scout |
| 18:05 | Create | Camel Scout |
| 18:06 | Create | Camel Scout |
| 18:06 | Create | Camel Scout |
| 18:06 | Create | Camel Scout |
| 18:07 | Create | Camel Scout |
| 18:07 | Create | Camel Scout |
| 18:07 | Create | Camel Scout |
| 18:07 | Create | Camel Scout |
| 18:17 | Create | Camel Scout |
| 18:17 | Create | Camel Scout |
| 18:18 | Create | Camel Scout |
| 18:18 | Create | Camel Scout |
| 18:18 | Create | Camel Scout |
| 18:19 | Create | Camel Scout |
| 18:19 | Create | Camel Scout |
| 18:33 | Create | Camel Scout |
| 18:33 | Create | Camel Scout |
| 18:34 | Create | Camel Scout |
| 18:34 | Create | Camel Scout |
| 18:34 | Create | Camel Scout |
| 18:35 | Create | Camel Scout |
| 18:35 | Create | Camel Scout |
| 18:35 | Create | Camel Scout |
| 18:35 | Create | Camel Scout |
| 18:36 | Create | Camel Scout |
| 18:36 | Create | Camel Scout |
| 18:36 | Create | Camel Scout |
| 18:36 | Create | Camel Scout |
| 18:37 | Create | Camel Scout |
| 18:37 | Create | Camel Scout |
| 18:38 | Create | Camel Scout |
| 18:38 | Create | Camel Scout |
| 18:38 | Create | Camel Scout |
| 18:38 | Create | Camel Scout |
| 19:04 | Create | Camel Scout |
| 19:05 | Create | Camel Scout |
| 19:08 | Create | Camel Scout |
| 19:08 | Create | Camel Scout |
| 19:09 | Create | Camel Scout |
| 19:10 | Create | Camel Scout |
| 19:10 | Create | Camel Scout |
| 19:10 | Create | Camel Scout |
| 19:11 | Create | Camel Scout |
| 19:11 | Create | Camel Scout |
Build order — Eren_
0 actions detected in the replay
Build order — okHadi
56 actions detected in the replay
| 12:51 | Build | Archery Range |
| 12:53 | Build | Archery Range |
| 13:39 | Build | Archery Range |
| 13:40 | Build | Archery Range |
| 16:12 | Build | Archery Range |
| 16:15 | Build | Archery Range |
| 16:16 | Build | Archery Range |
| 16:18 | Build | Archery Range |
| 16:26 | Build | Archery Range |
| 16:28 | Build | Archery Range |
| 16:30 | Build | Archery Range |
| 16:32 | Build | Archery Range |
| 16:34 | Build | Archery Range |
| 16:38 | Build | Archery Range |
| 18:20 | Research | Crossbowman (upgrade) |
| 18:21 | Research | Thumb Ring |
| 18:50 | Create | Archer ×5 |
| 18:50 | Create | Archer ×5 |
| 18:50 | Create | Archer ×5 |
| 18:50 | Create | Archer ×5 |
| 18:51 | Create | Archer ×5 |
| 18:51 | Create | Archer ×5 |
| 18:51 | Create | Archer ×5 |
| 18:52 | Create | Archer ×5 |
| 18:52 | Create | Archer ×5 |
| 18:52 | Create | Archer ×5 |
| 18:53 | Create | Archer ×5 |
| 18:53 | Create | Archer ×5 |
| 18:53 | Create | Archer ×5 |
| 18:54 | Create | Archer ×5 |
| 18:54 | Create | Archer ×5 |
| 18:54 | Create | Archer ×5 |
| 18:55 | Create | Archer ×5 |
| 18:55 | Create | Archer ×5 |
| 18:55 | Create | Archer ×5 |
| 18:56 | Create | Archer ×5 |
| 18:56 | Create | Archer ×5 |
| 18:56 | Create | Archer ×5 |
| 18:56 | Create | Archer ×4 |
| 19:02 | Research | Bodkin Arrow |
| 19:03 | Research | Leather Archer Armor |
| 19:04 | Research | Iron Casting |
| 19:06 | Research | Chain Barding Armor |
| 19:06 | Research | Chain Mail Armor |
| 19:10 | Research | Ballistics |
| 19:11 | Research | Treadmill Crane |
| 19:12 | Research | Guard Tower (upgrade) |
| 19:16 | Research | Tech 1404 |
| 19:27 | Create | Archer ×5 |
| 19:27 | Create | Archer ×5 |
| 19:28 | Create | Archer ×5 |
| 19:28 | Create | Archer ×5 |
| 19:28 | Create | Archer ×5 |
| 19:29 | Create | Archer ×3 |
| 19:29 | Create | Archer ×3 |
| 19:44 | Create | Archer ×5 |
Build order — Monster Bear
16 actions detected in the replay
| 11:12 | Build | Stable |
| 11:13 | Build | Stable |
| 11:14 | Build | Stable |
| 11:16 | Build | Stable |
| 11:17 | Build | Stable |
| 11:19 | Build | Stable |
| 11:20 | Build | Stable |
| 11:22 | Build | Stable |
| 11:23 | Build | Stable |
| 11:25 | Build | Stable |
| 11:28 | Build | Stable |
| 11:30 | Build | Stable |
| 11:32 | Build | Stable |
| 11:33 | Build | Stable |
| 11:34 | Build | Stable |
| 14:26 | Research | Bloodlines |
Match timeline
| 6:29 | Aster · first_building Archery Range |
| 6:39 | Aster · first_building Barracks |
| 9:22 | LeCoD13 · first_building Stable |
| 9:24 | LeCoD13 · first_building Archery Range |
| 9:31 | DrakunMexico954 · wall_segment Stone Wall x12 |
| 10:25 | DrakunMexico954 · first_building Stable |
| 11:12 | Monster Bear · first_building Stable |
| 12:51 | okHadi · first_building Archery Range |
| 19:39 | Monster Bear · resign |
[ AI ANALYSIS · 1 CREDIT ]
What really happened in this match?
Wolo.gg analyzes every decision: build order, eco, micro, common mistakes by bracket. Personalized analysis on WhatsApp or Discord in 30 seconds.
Civ guide
Bengalis
Map guide
CBA_=REQUlEM=_V292 (Scenario)
Perfil
Brunx